[Event "Romanian Rapid Open 2022"]
[Site "Sebes"]
[Date "2022.12.02"]
[Round "5.31"]
[White "Iosif, Mihai-Aurelian"]
[Black "Nagy-Elek, Tamas"]
[Result "0-1"]
[ECO "B19"]
[WhiteElo "1549"]
[BlackElo "1976"]
[Annotator "TA"]
[PlyCount "82"]
[EventDate "2022.12.02"]
[EventType "rapid"]
[EventCountry "ROU"]
[SourceTitle "playchess.com"]
[Source "ChessBase"]
[SourceQuality "1"]
[TimeControl "600+5"]

1. e4 c6 2. d4 d5 3. Nc3 dxe4 4. Nxe4 Bf5 5. Ng3 Bg6 6. h4 h6 7. h5 Bh7 8. Nf3 e6 9. Bd3 Bxd3 10. Qxd3 Nf6 11. Bf4 Bd6 12. Bxd6 Qxd6 13. Ne4 {[%emt 0:00:15] B19: Classical Caro-Kann: 4...Bf5 main line.} Nxe4 14. Qxe4 Nd7 15. O-O-O {[%emt 0:00:06] The position is equal.} Qd5 16. Qxd5 cxd5 {[%emt 0:00:02] [#]} 17. c3 $146 ({Predecessor:} 17. Rd3 Rc8 18. Rb3 Rc7 19. Ne5 Nxe5 20. dxe5 Ke7 21. Rh4 Rhc8 22. c3 b6 23. Rbb4 {½-½ (29) Jackova,J (2403)-Velicka,P (2440) Czech Republic 2005}) 17... b5 18. Kd2 Ke7 19. Rhe1 Rhc8 20. a3 a5 21. Ne5 Nf6 22. Rh1 Ne4+ 23. Ke3 b4 (23... Nd6 {simplifies} 24. g4 b4 25. axb4 axb4 26. cxb4 Nc4+) 24. c4 f6 25. Ng6+ Kf7 26. c5 Rab8 {[%emt 0:00:16] Hoping for ...bxa3.} 27. a4 b3 28. g4 Rb4 29. f3 Ng5 30. Rd3 Ke8 31. Ra1 Kd7 32. Ra3 Rcb8 33. Rc3 $2 {[%emt 0:00:24] [#]} (33. f4 $11 {and White has nothing to worry.} Ne4 34. Nh4) 33... Kc6 $2 ({Black should play} 33... e5 $1 $19 34. c6+ Kc7) 34. Ne7+ Kd7 (34... Kc7 $1 $15) 35. Ng6 $19 {[%emt 0:00:02] [#]} e5 $1 36. dxe5 (36. Rd3 exd4+ 37. Rxd4) 36... d4+ 37. Kd3 dxc3 38. bxc3 b2 {[%emt 0:00:06] Black mates.} 39. e6+ Kxe6 40. cxb4 b1=Q+ {[%emt 0:00:03][%mdl 64] Zwischenzug, Double Attack} 41. Kc3 Qxb4+ {[%emt 0:00:01] Weighted Error Value: White=0.56/Black=0.20 (precise)} 0-1

[Event "Romanian Rapid Open 2022"]
[Site "Sebes"]
[Date "2022.12.02"]
[Round "5.32"]
[White "Tudor, Henry Edward"]
[Black "Pop, Ioan I."]
[Result "1-0"]
[ECO "A52"]
[WhiteElo "1943"]
[BlackElo "1540"]
[Annotator "TA"]
[PlyCount "33"]
[EventDate "2022.12.02"]
[EventType "rapid"]
[EventCountry "ROU"]
[SourceTitle "playchess.com"]
[Source "ChessBase"]
[SourceQuality "1"]
[TimeControl "600+5"]

1. d4 Nf6 2. c4 e5 3. dxe5 Ng4 4. e4 Nxe5 5. f4 Ng6 6. Be3 {[%emt 0:00:28] A52: Budapest Gambit.} b6 (6... Bb4+ $11 {remains equal.} 7. Nc3 d6) 7. Nf3 {[%emt 0:00:57] White is more active.} (7. Ne2 $16) 7... Bb7 8. Bd3 {[%emt 0:00:01] White is slightly better.} Nc6 9. Nc3 Nb4 {[%emt 0:00:43] [#]} 10. Qe2 $146 ({Predecessor:} 10. Bb1 d6 11. O-O Qd7 12. a3 Nc6 13. Ba2 Be7 14. b4 O-O-O 15. Qb3 Bf6 16. Rab1 {1-0 (31) Auzier Neto,J-Kurtz,A Porto Velho 1999}) 10... Nxd3+ 11. Qxd3 Nh4 {[%emt 0:00:15] [#]} 12. Nxh4 (12. O-O $1 $16) 12... Qxh4+ $11 13. g3 Qh5 (13... Qg4 $5) 14. Rd1 ({White should play} 14. O-O $14) 14... Bb4 $2 (14... O-O-O $15) 15. Qxd7+ $18 Kf8 16. Qxc7 {[%emt 0:00:07] [#] Rd8+ would kill now.} Bxe4 17. Rd8+ {[%emt 0:00:01] Weighted Error Value: White=0.34/Black=1.34} 1-0

[Event "Romanian Rapid Open 2022"]
[Site "Sebes"]
[Date "2022.12.02"]
[Round "5.33"]
[White "Tarciuc, Ianis-Mihai"]
[Black "Bucur, Denisa-Andreea"]
[Result "0-1"]
[ECO "A23"]
[WhiteElo "1642"]
[BlackElo "1953"]
[Annotator "TA"]
[PlyCount "94"]
[EventDate "2022.12.02"]
[EventType "rapid"]
[EventCountry "ROU"]
[SourceTitle "playchess.com"]
[Source "ChessBase"]
[SourceQuality "1"]
[TimeControl "600+5"]

1. c4 e5 2. g3 c6 3. Bg2 Nf6 4. Nc3 d5 5. cxd5 cxd5 6. d4 exd4 7. Qxd4 Nc6 8. Qd1 d4 9. Ne4 Be7 {[%emt 0:01:13] A23: English Opening: 1...e5 2 Nc3 Nf6 3 g3 c6.} 10. Nxf6+ $1 Bxf6 11. Nf3 O-O {[%emt 0:00:17] Black is slightly better.} 12. O-O {[%emt 0:00:02] [#]} Qb6 $146 (12... Re8 $15 {might be stronger.}) ({Predecessor:} 12... Bf5 13. Ne1 Qb6 14. Nd3 Rac8 15. Bf4 Rfd8 16. h4 Nb4 17. Qd2 Bxd3 18. exd3 Rc2 {0-1 (29) Adrian,C (2240)-Louis,T (2244) Playchess.com INT 2021}) 13. Qc2 Nb4 14. Qa4 Bf5 15. Bd2 Nc6 {[%emt 0:00:46] Black is more active.} 16. Qb3 Qxb3 17. axb3 d3 (17... Rfe8 $5 18. Rfe1 h6 $15) 18. exd3 Bxd3 19. Rfe1 Bxb2 20. Ra2 Bf6 21. Be3 h6 22. Rc1 a6 23. Nd2 $1 Bb5 24. Ne4 Be7 25. Nc3 Nb4 26. Rd2 Bc6 (26... Rac8 $5 27. Bxb7 Rc7 $15) 27. Nd5 Nxd5 28. Bxd5 Bxd5 29. Rxd5 Ba3 30. Rc7 b5 $1 31. Bc5 Bxc5 32. Rdxc5 $17 {[%emt 0:00:01][%mdl 4096] Endgame KRR-KRR} Rfe8 33. Kf1 Rad8 34. Ra7 Re6 35. Rcc7 (35. Rf5 $1 $15) 35... Rf6 {[%emt 0:00:02] ...Rd2 is the strong threat.} 36. Ke2 {[%emt 0:00:07] Against Rd2+} Rd4 37. Ra8+ Kh7 38. Raa7 Kg6 39. h4 h5 40. f4 {[%emt 0:00:04] [#]} (40. Rc5 $17 {was worth a try.}) 40... Rb4 ({Black should play} 40... Re6+ $1 $19 41. Kf1 Rd1+ 42. Kf2 Rd2+ 43. Kf1 Rf6) 41. Rc3 Re6+ 42. Kd3 ({White should try} 42. Kf3) 42... Rbe4 (42... f6 $17 {aiming for ...Rbe4.} 43. Rd7 Kh6) 43. Rcc7 ({Much worse is} 43. Rxa6 Re3+ 44. Kd4 Rxc3 45. Rxe6+ fxe6 $19) (43. f5+ $1 $11 Kxf5 44. Rxf7+ Kg4 45. Rxg7+ Kh3 46. Rg5) 43... Re3+ 44. Kc2 $2 (44. Kd4 $17 {might work better.} f6 45. Rxg7+ Kf5 46. Ra8 (46. b4 Rb3 $17)) 44... Rxg3 (44... Rf6 $142 45. Rc3 Rxc3+ 46. Kxc3 Kf5) 45. Rxf7 $19 {[%emt 0:00:03] [#] Black must now prevent f5+.} Kh6 {[%emt 0:00:06] Threatens to win with ...Re2+.} 46. f5 $2 (46. Kd2 $17) 46... Re2+ 47. Kd1 Ra2 {[%emt 0:00:06] Weighted Error Value: White=0.42/Black=0.21 (precise)} 0-1

[Event "Romanian Rapid Open 2022"]
[Site "Sebes"]
[Date "2022.12.02"]
[Round "5.34"]
[White "Jiros, Doru"]
[Black "Hoanca, Alexia-Ioana"]
[Result "1/2-1/2"]
[ECO "A45"]
[WhiteElo "1936"]
[BlackElo "1644"]
[Annotator "TA"]
[PlyCount "124"]
[EventDate "2022.12.02"]
[EventType "rapid"]
[EventCountry "ROU"]
[SourceTitle "playchess.com"]
[Source "ChessBase"]
[SourceQuality "1"]
[TimeControl "600+5"]

1. d4 Nf6 2. Bg5 Ne4 3. h4 h6 4. Bf4 c5 5. d5 Qa5+ (5... Qb6 $11 6. Nd2 Nxd2 7. Bxd2 Qxb2) 6. Nd2 {[%emt 0:00:26] [#] A45: Trompowsky Attack.} (6. c3 {simplifies} d6 7. f3 Nf6 8. e4) 6... e6 $146 ({Predecessor:} 6... d6 7. c3 Nxd2 8. Qxd2 Bf5 9. f3 Nd7 10. e4 Bh7 11. c4 Qxd2+ 12. Bxd2 f5 13. exf5 Bxf5 {1-0 (53) Plichta,K (2335)-Kolasinski,K (2111) Zgierz 2018}) 7. c3 exd5 8. Nxe4 {[%emt 0:01:29] White is slightly better.} ({Of course not} 8. Nb3 Qb6 9. Qxd5 Nf6 $15) 8... dxe4 9. Qd5 {[%emt 0:00:13][%cal Of4b8] And now Bxb8! would win.} Nc6 10. Qxe4+ Be7 11. Bd6 {[%emt 0:00:25] [#]} (11. Nf3 $11) 11... O-O $1 $15 12. Bxe7 (12. Qd5 Bxd6) 12... Re8 13. e3 {[%emt 0:00:25][%cal Of1d3] Strongly threatening Bd3!} Rxe7 14. Qd3 Qc7 15. Be2 d6 (15... Ne5 $5 16. Qc2 b6 $11) 16. Nf3 Be6 17. O-O d5 18. Qc2 Ne5 19. Rae1 Rd8 20. Nh2 (20. Rc1 $11) 20... Nd7 (20... d4 $17 {Threatens to win with ...d3.} 21. cxd4 cxd4 22. Qxc7 Rxc7 23. exd4 Rxd4) 21. f4 (21. Rd1 $11) 21... Nf6 $17 22. g4 Bd7 (22... h5 $17 23. gxh5 d4 24. cxd4 cxd4 25. Qxc7 Rxc7) 23. Bf3 $15 Rde8 24. g5 hxg5 (24... Rxe3 $2 25. Rxe3 Rxe3 26. gxf6 $18) (24... Ne4 $5 ) 25. hxg5 Ne4 ({Don't play} 25... Rxe3 26. Rxe3 Rxe3 27. gxf6 $16) 26. Qg2 {[%emt 0:00:16] Against Bh3} Bf5 27. Ng4 {[%emt 0:00:10] Prevents d4.} Bxg4 28. Qxg4 Nd2 29. Rf2 Nxf3+ (29... Rxe3 $2 30. Rxe3 Rxe3 31. Rxd2 $18) 30. Qxf3 {[%emt 0:00:03] White wants to play Rh2.} Re4 31. Qh3 Qc8 32. Qh4 (32. Qxc8 $11 Rxc8 33. Rd2) 32... Qf5 (32... Rxe3 $2 33. Rxe3 Rxe3 34. Rh2 $18) (32... Qe6 $1 $15 33. Rh2 Kf8) 33. Rh2 $11 f6 34. gxf6 Qxf6 35. Qh7+ Kf7 36. Qh5+ Qg6+ 37. Qxg6+ Kxg6 {[%emt 0:00:01][%mdl 4096] Endgame KRR-KRR} 38. Rg2+ Kf6 39. Rg3 (39. Rd1 $11 {remains equal.}) 39... d4 ({Black should play} 39... Rxf4 $17 40. Kg2 Rf5) 40. Kf2 $15 dxe3+ 41. Rgxe3 ({Better is} 41. Rexe3 $15 Rxf4+ 42. Rgf3 Rxf3+ 43. Rxf3+ Kg6 44. Rg3+ Kh7 45. Rh3+ Kg6 46. Rg3+ Kh6 47. Rh3+ Kg6 48. Rg3+) 41... Rxf4+ $17 42. Kg3 Rxe3+ 43. Rxe3 {[%emt 0:00:02] KR-KR} Rf5 44. Rd3 Re5 45. Rd7 Re7 46. Rd5 b6 47. Rd2 {[%emt 0:00:03] Inhibits Re2.} (47. Kf3 $142) 47... g5 48. Rf2+ (48. Kg4 $17) 48... Kg6 $19 49. Rd2 Kf5 (49... Re1 $19 50. Kf3 Rf1+ 51. Kg4 Rg1+ 52. Kf3 Kf5 53. Rd5+ Ke6) 50. Rf2+ $17 Kg6 (50... Ke5 $17) 51. Rd2 $1 $19 {[%emt 0:00:00] Prevents Rd7.} Re6 (51... Re1 $19 52. Kf3 Rf1+ 53. Kg4 Kf6 54. Rd6+ Ke5) 52. Rd7 (52. Kg4 $17) 52... a5 $2 (52... Re2 $19 53. Rxa7 Rxb2) 53. Rd2 (53. Kg4 $17 {was called for.}) 53... Rf6 (53... a4 $19 {[%cal Oa4a3] and Black stays clearly on top. ...a3! is the strong threat.} 54. a3 b5) 54. c4 $2 (54. Rd5 $17 {was forced.}) 54... Re6 55. b3 Kf5 56. Rf2+ {[%emt 0:00:00] [#]} Ke5 $1 {[%emt 0:00:03] aiming for ...Kd4.} 57. Kg4 $2 (57. Re2+ $17 {was the crucial defense.} Kf5 58. Rf2+ Kg6 59. Rf8) 57... Kd4 58. Kxg5 Kc3 59. Kf5 {[%emt 0:00:00] [#]} Rd6 ({Black should try} 59... Re3 $1 $19 {[%cal Oa5a4] White must now prevent ...a4!} 60. Kf4 Kd4) 60. Ke5 $11 {[%emt 0:00:00] The position is equal.} Rh6 61. Kd5 Kb4 62. Re2 a4 {[%emt 0:00:03] Weighted Error Value: White=0.32/Black=0.26 (precise)} 1/2-1/2

[Event "Romanian Rapid Open 2022"]
[Site "Sebes"]
[Date "2022.12.02"]
[Round "5.35"]
[White "Arion, Ilie"]
[Black "Patilea, Alin-Giani"]
[Result "1-0"]
[ECO "A52"]
[WhiteElo "1924"]
[BlackElo "1475"]
[Annotator "TA"]
[PlyCount "77"]
[EventDate "2022.12.02"]
[EventType "rapid"]
[EventCountry "ROU"]
[SourceTitle "playchess.com"]
[Source "ChessBase"]
[SourceQuality "1"]
[TimeControl "600+5"]

1. d4 Nf6 2. c4 e5 3. dxe5 Ng4 4. Bf4 Nc6 5. Nf3 Bb4+ 6. Nbd2 Qe7 7. a3 Bxd2+ 8. Qxd2 Ngxe5 9. Nxe5 Nxe5 10. e3 O-O 11. Be2 d6 12. O-O b6 13. b4 Bb7 14. Rac1 {[%emt 0:00:08][%cal Oc4c5] A52: Budapest Gambit.} Rad8 15. Qc3 Ng6 {[%emt 0:00:22] [#] Hoping for ...Nxf4.} 16. Bg3 {[%emt 0:00:01] [#] White is slightly better.} Ne5 $146 ({Predecessor:} 16... Nh4 17. f3 Rfe8 18. e4 Ng6 19. Bd3 Ne5 20. Bb1 Nd7 21. Rfe1 Qf6 22. Qc2 g6 {1-0 (52) Rodriguez Beltran,F (1621)-Garcia Vidal,E (1480) Barcelona 2016}) 17. c5 Rfe8 18. cxd6 cxd6 19. Bb5 Rc8 20. Qd4 Rxc1 21. Rxc1 Rc8 22. Rd1 a6 (22... f6 $142) 23. Be2 $16 (23. Qxd6 $2 Qxd6 24. Rxd6 axb5 $19) 23... Rc6 $2 (23... b5 $16 {is tougher.} 24. Qxd6 Qxd6 25. Rxd6 Nc4) 24. h3 $2 (24. Bxe5 dxe5 25. Qd8+ (25. Qxe5 Qf8 $18) 25... Qf8 26. Bf3) 24... h6 25. a4 Rc2 26. Bxe5 dxe5 $2 (26... Rxe2 27. Qxd6 Qxd6 28. Rxd6 Be4 29. Rxb6 f6) 27. Qd3 $2 (27. Qd8+ $18 Qf8 28. Qxb6 Rxe2 29. Rd8 Re1+ 30. Kh2 Qxd8 31. Qxd8+ Kh7 32. Qd3+ f5 33. Qxf5+ Kg8 34. Qxe5) 27... Qc7 $2 (27... Rc8 $16) 28. Qd8+ $18 Kh7 29. Bd3+ e4 30. Bxc2 Qxc2 {[%emt 0:00:04][%mdl 4096] Endgame KQR-KQB} 31. Qd7 (31. Rd7 $142 Bc6 32. Rxf7) 31... Bc6 $2 (31... Bc8 $18 32. Qd6 (32. Qxf7 $2 {loses.} Qxd1+ 33. Kh2 Qd6+ 34. Kg1 Qxb4 $19) 32... Qxa4) 32. Qd4 $2 (32. Qxf7 $2 {too greedy.} Qxd1+ 33. Kh2 Qd6+ 34. Kg1 Bxa4 35. Qf5+ Qg6 $19) (32. Qf5+ {mates} g6 33. Qxf7+ Kh8 34. Rd8+ Be8 35. Rxe8#) 32... Bxa4 33. Rd2 Qc1+ 34. Kh2 Qc7+ 35. Qd6 Qc3 36. Rd4 Qe1 $2 (36... Qc2 37. Kg3 Qc6 38. Qxc6 Bxc6) 37. Qf4 {[%emt 0:00:02] [#] White threatens Qf5+ and mate.} Bc2 38. Qf5+ g6 39. Qxf7+ {[%emt 0:00:02] Weighted Error Value: White=0.81/Black=1.03} 1-0

[Event "Romanian Rapid Open 2022"]
[Site "Sebes"]
[Date "2022.12.02"]
[Round "5.36"]
[White "Borodi, Cosmin-Alin"]
[Black "Santimbrean, Mihnea-Nicolae"]
[Result "1-0"]
[ECO "A13"]
[WhiteElo "1919"]
[BlackElo "1491"]
[Annotator "TA"]
[PlyCount "132"]
[EventDate "2022.12.02"]
[EventType "rapid"]
[EventCountry "ROU"]
[SourceTitle "playchess.com"]
[Source "ChessBase"]
[SourceQuality "1"]
[TimeControl "600+5"]

1. c4 e6 2. b3 d5 3. cxd5 exd5 4. Bb2 Nf6 5. e3 Be7 6. Nf3 {[%emt 0:00:03] A13: English Opening: 1...e6.} O-O 7. Qc2 Nbd7 {[%emt 0:00:23] [#]} 8. h4 $146 (8. d4 $11) ({Predecessor:} 8. a3 c5 9. d4 b6 10. Bd3 Bb7 11. O-O Rc8 12. Qe2 Qc7 13. Nbd2 Bd6 14. Rfd1 {0-1 (37) Kurdakov,Y (2107)-Gurskiy,D (1735) St Petersburg 2019}) 8... Ne4 (8... Re8 $15) 9. Nc3 $11 Nxc3 10. Bxc3 Bf6 (10... Nc5 {feels hotter.} 11. Ng5 g6 12. Be2 Bf5) 11. Ng5 g6 12. Be2 Bxc3 13. dxc3 c6 14. Rd1 Qe7 15. O-O Ne5 16. g3 (16. e4 {simplifies} h6 17. Nf3 Nxf3+ 18. Bxf3 dxe4 19. Qxe4 Qxe4 20. Bxe4 Be6 21. Bc2) 16... Qf6 17. f4 {[%emt 0:01:23] Inhibits h6.} (17. Rd4 $11) 17... Ng4 $17 18. Qd2 h6 {[%emt 0:00:28] Against f5} 19. Bxg4 Bxg4 20. Nf3 Rfe8 21. Rde1 Qf5 (21... Bxf3 {simplifies} 22. Rxf3 Re4 23. Kg2 Rae8) 22. Nd4 Qe4 23. Qg2 $2 (23. Qc2 $15) 23... Qd3 $19 24. Qc2 Rxe3 25. Rxe3 Qxe3+ 26. Kh2 $2 (26. Kg2) 26... Re8 27. b4 a6 28. a4 $2 (28. Rf2) 28... Kg7 (28... a5 $142 29. Qc1 axb4 30. Qxe3 Rxe3 31. cxb4 Re4) 29. Rf2 (29. a5 {might work better.}) 29... g5 $2 (29... Qe1 $19 {...Re3 is the strong threat.} 30. Qd2 Qxd2 31. Rxd2 Re3) 30. hxg5 (30. fxg5 $17 hxg5 31. Nf5+ Bxf5 32. Qxf5) 30... hxg5 {[%emt 0:00:03] ( -> ...Rh8+)} 31. fxg5 $2 {[%emt 0:00:22] [#]} (31. Kg2 $19) 31... Rh8+ 32. Kg1 Qe1+ (32... Qxg3+ $142 33. Rg2 Qe1#) 33. Rf1 Qxg3+ 34. Qg2 Qe3+ $2 (34... Qxg2+ 35. Kxg2 Bh3+ 36. Kg1 Bxf1 37. Kxf1 Rh3) 35. Qf2 Qxf2+ (35... Qxc3 $2 36. Qxf7#) (35... Rh3 $19 36. Qxe3 Rxe3) 36. Rxf2 {[%emt 0:00:01][%mdl 4096] Endgame KRB-KRN} (36. Kxf2 $17 Rh3 37. Rg1) 36... Rh3 37. Rc2 (37. Rf4 $17 Bd1 38. b5) 37... Rd3 38. b5 (38. Rg2 {is a better defense.} Bd1 39. a5) 38... axb5 39. axb5 c5 40. Nb3 b6 41. Nd2 Bd1 42. Ra2 Rxc3 43. Nf1 Rc2 44. Ra6 Be2 $2 (44... d4 45. Ng3 Kg6) 45. Ne3 Rc1+ 46. Kf2 Bxb5 47. Rxb6 Bc4 {[%emt 0:00:03] Threatens to win with ...d4.} 48. Rc6 d4 49. Nf5+ Kh7 {[%emt 0:00:03] And now ...Rf1+ would win.} 50. Rxc5 Rc2+ 51. Kg3 {[%emt 0:00:02] [#]} Bd3 $2 ({Better is} 51... d3 $1 $19 52. Rc6 (52. Ne3 $2 d2 $19) 52... d2 53. Rh6+ Kg8 54. Ne7+ Kf8) 52. Rxc2 $11 (52. g6+ {simplifies} Kxg6 53. Rxc2 Bxc2 54. Nxd4 Bf5 55. Kf4) 52... Bxf5 {[%emt 0:00:16] KR-KB} 53. Rc7 Kg6 54. Kf4 d3 55. Rc6+ Be6 56. Rd6 (56. Rb6 {with more complications.} d2 57. Rd6 f6 58. gxf6 Kxf6 59. Rxd2 Bc8 60. Rd8) 56... Kg7 $1 57. Rxd3 f6 58. Rd6 fxg5+ 59. Kxg5 Bf7 (59... Kf7 $11 {keeps the balance.}) 60. Rd7 $16 Kg8 61. Kf6 Bb3 62. Rd8+ Kh7 63. Rd7+ Kg8 $1 64. Rb7 Kh8 $2 65. Kg6 $2 (65. Rxb3 {mates} Kh7 66. Rb8 Kh6 67. Rh8#) 65... Bg8 66. Kh6 Ba2 {[%emt 0:00:05] White used his chance.   Weighted Error Value: White=0.62/Black=0.65} 1-0

[Event "Romanian Rapid Open 2022"]
[Site "Sebes"]
[Date "2022.12.02"]
[Round "5.38"]
[White "Saioc, David"]
[Black "Tiloiu, Darius-Lucian"]
[Result "1-0"]
[ECO "D11"]
[WhiteElo "2026"]
[BlackElo "1543"]
[Annotator "TA"]
[PlyCount "89"]
[EventDate "2022.12.02"]
[EventType "rapid"]
[EventCountry "ROU"]
[SourceTitle "playchess.com"]
[Source "ChessBase"]
[SourceQuality "1"]
[TimeControl "600+5"]

1. Nf3 d5 2. d4 Nf6 3. g3 Bf5 4. Bg2 e6 5. b3 Bd6 6. Bb2 Nbd7 7. O-O c6 8. Nbd2 O-O 9. c4 Re8 10. Rc1 {[%emt 0:01:14] D11: Slav Defence: 3 Nf3 sidelines and 3...Nf6 4 e3 Bg4.} Ne4 11. Nh4 {[%emt 0:01:59] [#]} Nxd2 $146 ({Predecessor:} 11... Be7 12. Nxf5 exf5 13. f3 Nd6 14. c5 Nb5 15. e4 fxe4 16. fxe4 dxe4 17. Nxe4 Nf6 {0-1 (46) Pilaj,H (1825)-Waldmann,G (2060) Austria 1994}) 12. Nxf5 {[%emt 0:01:20] The position is equal.} exf5 (12... Bb4 $15 13. Nd6 Nxf1 14. Nxe8 Nxg3 15. hxg3 Qxe8) 13. Qxd2 $11 Nf6 14. Qd3 Qd7 15. Rc2 a6 16. Rfc1 Qe6 17. e3 Ne4 18. Bxe4 fxe4 19. Qe2 Qh3 20. a4 (20. cxd5 {simplifies} cxd5 21. Qe1 Qd7 22. Qa5) 20... Re6 21. cxd5 cxd5 (21... Rh6 {simplifies} 22. f4 cxd5 23. Bc3 Rg6) 22. Rc8+ Re8 23. Rxa8 Rxa8 24. Qc2 h5 25. Qe2 g6 26. Qf1 Qxf1+ 27. Kxf1 $17 {[%emt 0:00:02][%mdl 4096] Endgame KRB-KRB} Kf8 28. Ke2 Ke7 29. f3 f5 30. f4 Kd7 31. Kd2 (31. Bc3 $15) 31... Bb4+ (31... h4 $17) 32. Bc3 $15 Bxc3+ 33. Rxc3 Rc8 34. Rxc8 Kxc8 $11 {[%emt 0:00:00] KP-KP} 35. Kc3 {[%emt 0:00:02] Black must now prevent Kb4.} Kc7 $2 (35... a5 $11) 36. Kb4 $18 Kb6 {[%emt 0:00:12] [#]} 37. a5+ $1 Kc6 {[%emt 0:00:01] [#]} 38. Ka4 $1 b5+ 39. axb6 {[%emt 0:00:10] White mates.} Kxb6 40. b4 Kb7 41. Ka5 Ka7 42. b5 axb5 43. Kxb5 Kb7 44. Kc5 Kc7 45. Kxd5 {[%emt 0:00:02] Weighted Error Value: White=0.10 (very precise) /Black=0.32} 1-0

[Event "Romanian Rapid Open 2022"]
[Site "Sebes"]
[Date "2022.12.02"]
[Round "5.39"]
[White "Roncea, Ioan-Aurel"]
[Black "Danila, Tudor-Gabriel"]
[Result "0-1"]
[ECO "D30"]
[WhiteElo "1461"]
[BlackElo "1939"]
[Annotator "TA"]
[PlyCount "102"]
[EventDate "2022.12.02"]
[EventType "rapid"]
[EventCountry "ROU"]
[SourceTitle "playchess.com"]
[Source "ChessBase"]
[SourceQuality "1"]
[TimeControl "600+5"]

1. d4 Nf6 2. Nf3 e6 3. c4 d5 4. Bg5 Be7 5. Bxf6 Bxf6 6. e3 {[%emt 0:00:02] D30: Queen's Gambit Declined: Systems without Nc3.} O-O 7. cxd5 exd5 8. Be2 {[%emt 0:00:04] The position is equal.} c6 (8... c5 $5) 9. O-O Nd7 10. Nc3 Be7 {[%emt 0:00:01] [#]} 11. a3 $146 ({Predecessor:} 11. Rc1 Nf6 12. h3 Bf5 13. Bd3 Bxd3 14. Qxd3 Bd6 15. Rfe1 Re8 16. e4 dxe4 17. Nxe4 {½-½ (43) Sponagel,G (1500)-Haering,W (1500) Bad Woerishofen 2001}) 11... Bd6 12. h3 Nf6 13. Bd3 Re8 14. Re1 Ne4 15. Qc2 f5 16. Nd2 {[%emt 0:00:18] Black continues to play with concentration.} g6 {[%emt 0:00:14] Black is more active.} 17. Bxe4 ({White should play} 17. b4 $15) 17... fxe4 $17 18. Rf1 (18. f3 $17 exf3 19. Nxf3) 18... Qg5 19. f4 exf3 20. Nxf3 Qxe3+ 21. Qf2 Qf4 22. Qd2 (22. Ne2 $142 Qf6 23. Rae1) 22... Qxd2 $19 23. Nxd2 Bd7 24. Rae1 Bg3 25. Rxe8+ Rxe8 26. Rf3 Be1 27. Nf1 Bh4 28. Re3 Rf8 {[%emt 0:00:05] [#] ...Bf2+ is the strong threat.} 29. Rf3 {[%emt 0:00:05] Inhibits Bf2+.} (29. Ng3) 29... Rxf3 30. gxf3 Bxh3 {[%emt 0:00:01][%mdl 4096] Endgame KBB-KNN} 31. Ne3 Kf7 32. Kh2 Bd7 33. Ng4 Bxg4 34. fxg4 {[%emt 0:00:01] KB-KN} Kf6 35. Kh3 Bf2 36. Ne2 Kg5 37. Kg2 Be3 38. Kf3 Bd2 39. b3 Ba5 40. Ng1 Bb6 41. Ne2 Bc7 42. a4 Kh4 43. b4 a6 44. Ng1 Bd6 45. b5 axb5 46. a5 Bc7 {[%emt 0:00:06][%cal Ob5b4] [#] ( -> ...b4!)} 47. Ne2 {[%emt 0:00:09] Against b4} Bxa5 {[%emt 0:00:16] Threatens to win with ...Bd2.} 48. Nf4 b4 {[%emt 0:00:07] Black mates.} 49. Ne6 b3 50. Nc5 b2 51. Nb3 b1=Q {[%emt 0:00:03] Weighted Error Value: White=0.33/Black=0.08 (flawless)} 0-1

[Event "Romanian Rapid Open 2022"]
[Site "Sebes"]
[Date "2022.12.02"]
[Round "5.40"]
[White "Maresanu, Mina-Andrei"]
[Black "Enachi, Daniela-Lorena"]
[Result "1-0"]
[ECO "B40"]
[WhiteElo "1877"]
[BlackElo "1227"]
[Annotator "NA RC COMBH"]
[PlyCount "107"]
[EventDate "2022.12.02"]
[EventType "rapid"]
[EventCountry "ROU"]
[SourceTitle "playchess.com"]
[Source "ChessBase"]
[SourceQuality "1"]
[TimeControl "600+5"]

1. e4 c5 2. Nf3 Nc6 3. Nc3 e6 4. Be2 Nf6 5. O-O d5 6. exd5 exd5 7. d4 Be6 8. Re1 Be7 9. Be3 cxd4 10. Nxd4 Nxd4 11. Bxd4 O-O 12. Bf3 Bb4 13. a3 Bxc3 14. Bxc3 Rc8 15. Qd2 b6 16. Rad1 a5 17. Qg5 h6 18. Qf4 Qc7 19. Qxc7 Rxc7 20. Bxf6 gxf6 21. c3 Rd8 22. Rd4 Rcd7 23. Red1 Kf8 24. Rh4 Kg7 25. g3 Bf5 26. Kg2 Be6 27. Rf4 Rd6 28. Rfd4 R6d7 29. Kg1 Kf8 30. Rh4 Kg7 31. Rh5 Kg6 32. Rd4 Bf5 33. Rdh4 Rh8 34. Rf4 Be6 35. Rd4 Rhd8 36. Rhh4 Rd6 37. Bh5+ Kg7 38. Be2 R6d7 39. Bb5 Rd6 40. Rhf4 Kg6 41. h4 Bf5 42. Kf1 h5 43. Be2 R6d7 44. Bxh5+ Kxh5 45. Rxf5+ Kg6 46. Rf3 Re7 47. Rg4+ Kh5 48. Rgf4 Re6 49. Rxf6 d4 50. cxd4 Rxf6 51. Rxf6 Rxd4 52. Rxb6 Rd7 53. Rb5+ Kg6 54. Rxa5 1-0